Cogmind - Beta 15 @@@ ROGUE MODE // 2025.06.01 @ 18:14:28 Player: DZKane Result: Self-destructed Performance ------------- Evolutions (1) 500 Regions Visited (2) 400 Robots Destroyed (11) 55 Value Destroyed (211) 211 Prototype IDs (0) 0 Alien Tech Used (0) 0 Bonus (0) 0 TOTAL SCORE: 1166 Bonus ------- None Cogmind --------- Core Integrity 252/400 Matter 165/300 Energy 100/100 System Corruption 0% Temperature Cool (0) Movement Core (700) Ox13 Location -9/Materials Parts ------- > --- POWER (1) -------- (None) > --- PROPULSION (3) --- (None) > --- UTILITY (3) ------ High-capacity Storage Unit > --- WEAPON (2) ------- (None) > --- INVENTORY (20) --- Ion Engine Light Ion Engine Wheel Compact Wheel High-capacity Battery (250) Small Laser Grenade Launcher Datajack Peak State ------------ > --- POWER ------------ Light Ion Engine > --- PROPULSION ------- Aluminum Leg Aluminum Leg > --- UTILITY ---------- Medium Storage Unit High-capacity Storage Unit > --- WEAPON ----------- Assault Rifle Light Assault Rifle > --- INVENTORY -------- Ion Engine Light Ion Engine Light Treads Light Treads Wheel Compact Wheel Small Laser Light Assault Rifle Light Assault Rifle Grenade Launcher [Rating: 8] Favorites ----------- Power Light Ion Engine Engine Light Ion Engine Propulsion Aluminum Leg Treads Light Treads Leg Aluminum Leg Utility Medium Storage Unit Device Heat Sink Storage Medium Storage Unit Weapon Assault Rifle Energy Gun EM Pulse Gun Ballistic Gun Assault Rifle Launcher Grenade Launcher Build | -11 -10 -9 ------- Run | Yrd Mat Mat Slots Evolved 2 | . . 2 Power . | . . . Propulsion 1 | . . 1 Utility 1 | . . 1 Weapon . | . . . Parts Attached 11 | . 3 8 Power 1 | . 1 . Engine 1 | . 1 . Core . | . . . Reactor . | . . . Propulsion 2 | . . 2 Treads 2 | . . 2 Leg . | . . . Wheel . | . . . Hover . | . . . Flight . | . . . Utility 3 | . 1 2 Device 1 | . . 1 Storage 2 | . 1 1 Processor . | . . . Hackware . | . . . Protection . | . . . Artifact . | . . . Weapon 5 | . 1 4 Energy Gun . | . . . Energy Cannon . | . . . Ballistic Gun 4 | . 1 3 Ballistic Cannon . | . . . Launcher 1 | . . 1 Special Weapon . | . . . Impact Weapon . | . . . Slashing Weapon . | . . . Piercing Weapon . | . . . Special Melee Weapon . | . . . Unidentified Prototypes . | . . . Parts Lost 8 | . . 8 Power 1 | . . 1 Propulsion 2 | . . 2 Utility 1 | . . 1 Weapon 4 | . . 4 Highest Loss Streak 8 | . . 8 To Critical Strikes . | . . . Average Backups 8 | . 7 9 Power 1 | . 1 2 Propulsion 3 | . 4 2 Utility . | . . . Weapon 2 | . 1 3 Tool/Special . | . . . Unused Backups 5 | . . 5 Power 1 | . . 1 Propulsion 2 | . . 2 Utility 1 | . . 1 Weapon . | . . . Tool/Special 1 | . . 1 Average Slot Usage (%) 76 | . 85 65 Engine 11 | . 14 8 Treads 5 | . . 12 Leg 18 | . 28 7 Device 1 | . . 3 Storage 13 | . 14 11 Energy Gun 3 | . 5 . Ballistic Gun 21 | . 22 21 Peak Build Rating 8 | . 7 8 Average Rating 6 | . 6 6 On Entrance 6 | 6 6 7 Naked Turns . | . . . Heaviest Build 46 | 12 21 46 Greatest Support 40 | 20 20 40 Greatest Overweight (x) 1 | . 1 1 Average Overweight (x) . | . . . Largest Inventory Capacity 20 | . 10 20 Average Capacity 12 | . 9 17 Most Carried 10 | . 10 10 Average Carried 8 | . 7 9 Final Capacity 20 | 8 10 20 Final Carried 10 | 6 10 8 Class Distribution -------------------- 100% | Mutant Dominant Class ---------------- Mutant | -10/Materials Mutant | -9/Materials Resources | -11 -10 -9 ----------- Run | Yrd Mat Mat Matter Collected 335 | 200 68 67 Remotely . | . . . Salvage Created 301 | . 143 158 Parts 24 | . 10 14 Haulers Intercepted 1 | . . 1 Recyclers Shooed 1 | . 1 . Parts Field Recycled . | . . . Retrieved Matter . | . . . Parts Self-Destructed . | . . . Prevented . | . . . Kills | -11 -10 -9 ------- Run | Yrd Mat Mat Combat Hostiles Destroyed 10 | . 5 5 Guns 9 | . 5 4 AOE 1 | . . 1 Classes Destroyed 3 | . 2 1 Hauler 1 | . . 1 Swarmer 6 | . 3 3 Grunt 4 | . 2 2 Best Kill Streak 3 | . 3 3 Combat Bots Only 3 | . 3 3 Max Kills in Single Turn 1 | . 1 1 Gunslinging . | . . . Exploded 1 | . . 1 Melee . | . . . Uniques/NPCs Destroyed . | . . . Combat | -11 -10 -9 -------- Run | Yrd Mat Mat Hostile Shots Fired 123 | . 33 90 Missed 30 | . 9 21 Hits 93 | . 24 69 Projectile 93 | . 24 69 Damage Taken 1148 | . 249 899 Core 176 | . 28 148 Absorbed by Shields . | . . . Core Remaining (%) 94 | 100 88 . Volleys Fired 59 | . 26 33 Largest 2 | . 2 2 Hottest 60 | . 60 40 Shots Fired 112 | . 52 60 Gun 111 | . 52 59 Cannon . | . . . Launcher 1 | . . 1 Special . | . . . Kinetic 104 | . 45 59 Thermal . | . . . Explosive 1 | . . 1 Electromagnetic 7 | . 7 . Robot Hit Streak 10 | . 10 8 Robot Miss Streak 3 | . 3 3 Penetration Max . | . . . Secondary Targets 1 | . . 1 Max Gunslinging Chain 1 | . . 1 Shots Hit Robots 73 | . 30 43 Core Hits 21 | . 10 11 Critical Kills . | . . . Critical Parts Destroyed . | . . . Critical Strikes . | . . . Melee Attacks . | . . . Impact . | . . . Slashing . | . . . Piercing . | . . . Sneak Attacks . | . . . Combat Hostiles . | . . . Follow-up Attacks . | . . . Damage Inflicted 778 | . 316 462 Guns 745 | . 316 429 Cannons . | . . . Explosions 33 | . . 33 Melee . | . . . Ramming . | . . . Kinetic 720 | . 291 429 Thermal . | . . . Explosive 33 | . . 33 Electromagnetic 25 | . 25 . Impact . | . . . Slashing . | . . . Piercing . | . . . Highest Corruption . | . . . Average Corruption . | . . . Corruption Purged . | . . . Corruption Blocked . | . . . Overload Shots . | . . . Overflow Damage . | . . . Projectiles . | . . . Explosions . | . . . Melee . | . . . Knockbacks . | . . . Impact . | . . . Kinetic . | . . . Secondary . | . . . Self-Inflicted Damage . | . . . Shots . | . . . Rammed . | . . . Targets Rammed . | . . . Kicked . | . . . Crushed . | . . . Highest Temperature 42 | . 42 9 Average Temperature 19 | . 22 6 Received Heat Transfer 384 | . 96 288 Siege Activations . | . . . Martial Activations . | . . . Shielding Activations . | . . . Robots Disrupted . | . . . Combat Hostiles . | . . . Robots Corrupted . | . . . Combat Hostiles . | . . . Parts Fried . | . . . Impact Corruptions . | . . . Robots Melted . | . . . Combat Hostiles . | . . . Parts Melted . | . . . Heat Transferred . | . . . Parts Sabotaged . | . . . Parts Stolen . | . . . Parts Stripped . | . . . Power Chain Reactions . | . . . Alert | -11 -10 -9 ------- Run | Yrd Mat Mat Maximum Alert Level . | . . . Low Security (%) 100 | . 100 100 Level 1 . | . . . Level 2 . | . . . Level 3 . | . . . Level 4 . | . . . Level 5 . | . . . High Security . | . . . Max Security . | . . . Peak Influence 85 | . 60 85 Initial 20 | . . 20 Average 20 | . 18 24 Influence Increases 266 | . 141 125 Destroy 0b10 Robot/C 200 | . 100 100 Destroy 0b10 Robot/NC 5 | . . 5 Destroy Leader 32 | . 20 12 Successful Hack 6 | . 6 . Destroy Structure 8 | . . 8 Lose Combat Pursuer 15 | . 15 . Influence Decreases 266 | . 91 175 Entered New Map 30 | . . 30 Time Decay 161 | . 91 70 Lost Part 75 | . . 75 Squads Dispatched . | . . . Investigation . | . . . Extermination . | . . . Reinforcement . | . . . Assault . | . . . Garrison . | . . . Intercept . | . . . Searches Triggered . | . . . Construction Impeded . | . . . Haulers Reinforced . | . . . Active Scanning Responses . | . . . Cargo Convoy Interrupts . | . . . Stealth | -11 -10 -9 --------- Run | Yrd Mat Mat Distress Signals . | . . . Communications Jammed . | . . . Distress Signals . | . . . Times Spotted 18 | . 10 8 Peak Tracking Total 6 | . 5 6 Tactical Retreats 1 | . 1 . Traps | -11 -10 -9 ------- Run | Yrd Mat Mat Traps Triggered . | . . . Indirectly . | . . . Trap Hack Attempts . | . . . Triggered . | . . . Disarmed . | . . . Reprogrammed . | . . . Reused . | . . . Traps Extracted . | . . . Installed . | . . . Triggered . | . . . Machines | -11 -10 -9 ---------- Run | Yrd Mat Mat Machines Disabled . | . . . Max in Single Turn . | . . . Machines Repaired . | . . . Machines Dismantled . | . . . Machines Sabotaged . | . . . Overloaded Fab Kills . | . . . Hacking | -11 -10 -9 --------- Run | Yrd Mat Mat Machines Accessed 1 | . 1 . Terminals 1 | . 1 . Fabricators . | . . . Repair Stations . | . . . Recycling Units . | . . . Scanalyzers . | . . . Garrison Access . | . . . Total Hacks 2 | . 2 . Successful 1 | . 1 . Failed 1 | . 1 . Catastrophic . | . . . Database Lockouts . | . . . Manual 2 | . 2 . Terminals 2 | . 2 . Fabricators . | . . . Repair Stations . | . . . Recycling Units . | . . . Scanalyzers . | . . . Garrison Access . | . . . Terminal Hacks . | . . . Fabricator Hacks . | . . . Repair Station Hacks . | . . . Recycling Unit Hacks . | . . . Scanalyzer . | . . . Garrison Access Hacks . | . . . Unauthorized Hacks 1 | . 1 . Terminals 1 | . 1 . Assimilate 1 | . 1 . Fabricators . | . . . Repair Stations . | . . . Recycling Units . | . . . Scanalyzers . | . . . Garrison Access . | . . . Data Cores Recovered . | . . . Used . | . . . Hacking Detections 1 | . 1 . Full Trace Events . | . . . Feedback Events . | . . . Feedback Blocked . | . . . Robot Schematics Acquired . | . . . Robots Built . | . . . Authchips . | . . . Time . | . . . Total Robot Build Rating . | . . . Part Schematics Acquired . | . . . Parts Built . | . . . Authchips . | . . . Time . | . . . Total Part Build Rating . | . . . Parts Repaired . | . . . Time . | . . . Parts Recycled . | . . . Recycled Matter . | . . . Retrieved Matter . | . . . Retrieved Components . | . . . Parts Scanalyzed . | . . . Part Schematics Acquired . | . . . Parts Damaged . | . . . Bothacking | -11 -10 -9 ------------ Run | Yrd Mat Mat Used RIF Installer . | . . . Robots Hacked . | . . . Non-combat . | . . . Combat . | . . . Robot Hacks Applied . | . . . Relay Couplers Released . | . . . Fabnet Peak Effective % . | . . . Robots Rewired . | . . . Allies Hacked . | . . . Hacks Repelled . | . . . Allies | -11 -10 -9 -------- Run | Yrd Mat Mat Total Allies 1 | . 1 . Largest Group 1 | . 1 . Highest-Rated Group 10 | . 10 . Highest-Rated Ally 10 | . 10 . Total Orders . | . . . Ally Attacks . | . . . Total Damage . | . . . Kills . | . . . Allies Corrupted . | . . . Allies Melted . | . . . Intel | -11 -10 -9 ------- Run | Yrd Mat Mat Active Infowar (turns) . | . . . Robot Analysis Total . | . . . Derelict Logs Recovered . | . . . Drone Launches . | . . . Drone Recoveries . | . . . Exploration | -11 -10 -9 ------------- Run | Yrd Mat Mat Turns Passed 534 | . 304 230 Spaces Moved 260 | 1 179 80 Core . | . . . Treads 27 | . . 27 Legs 233 | 1 179 53 Wheels . | . . . Hover . | . . . Flight . | . . . Fastest Speed 120 | 120 120 120 Average Speed 132 | 120 120 160 Slowest Speed 240 | 120 190 240 Overloaded Moves . | . . . Propulsion Burnouts . | . . . Robots Hopped . | . . . Potential Cave-ins . | . . . Cave-ins Triggered . | . . . Exploration Rate (%) 19 | 2 42 13 Regions Visited 2 Branch Regions . Pre-discovered Areas . | . . . Known Exits Taken . | . . . Unknown Exits Taken 2 | 1 1 . Scrap Searched . | . . . Spaces Dug . | . . . Terrain Destroyed 8 | . . 8 Melee . | . . . Projectile . | . . . AOE 8 | . . 8 Terrain Rammed . | . . . Walls Destroyed . | . . . Machines Disabled . | . . . Actions | -11 -10 -9 --------- Run | Yrd Mat Mat Total 348 | . 219 129 Wait 10 | . 7 3 Move 258 | . 178 80 Hop . | . . . Pick Up 5 | . 3 2 Fast Attach 4 | . 2 2 Attach 3 | . . 3 Detach . | . . . Swap 4 | . 1 3 Drop 5 | . 2 3 Fire 59 | . 26 33 Melee . | . . . Ram . | . . . Kick . | . . . Crush . | . . . Escape Stasis . | . . . Rewire . | . . . Trap . | . . . Miscellaneous . | . . . Route ------- -11/Scrapyard -10/Materials -9/Materials History --------- Turn | Location | Event 1 | -11/Scrapyard | Discovered new exit (range 0) 1 | -11/Scrapyard | Entered Materials 259 | -10/Materials | Discovered new exit (range 6) 305 | -10/Materials | Entered another Materials area 305 | -9/Materials | Evolved 2 slots: Propulsion x1, Utility x1 306 | -9/Materials | Build established: Mutant 535 | -9/Materials | Self-destructed Last Messages --------------- 00480_ K-01 Serf collects debris. 00485_ Lgt. Ion Engine destroyed. 00488_ The unstable cave ceiling collapses. 00489_ K-01 Serf collects debris. 00493_ S-10 Pest destroyed. 00493_ Switching to secondary target: Y-45 Defender. 00493_ K-01 Serf collects debris. 00494_ Acquired 10 matter. 00498_ K-01 Serf collects debris. 00507_ Lgt. Treads destroyed. 00509_ K-01 Serf collects debris. 00513_ Lgt. Assault Rifle destroyed. 00517_ K-01 Serf collects debris. 00522_ Lgt. Treads destroyed. 00523_ K-01 Serf collects debris. 00531_ Heat Sink destroyed. 00531_ Lgt. Assault Rifle destroyed. 00531_ K-01 Serf collects debris. 00534_ Assault Rifle destroyed. Map ----- +----------------------------------------------------+ | ?????????????????????????????????????????????????? | | ?????????????????????????????????????????????????? | | ?????????????????????????????????????????????????? | | ?????????????????????????????????????????????????? | | ?????????????????????????????????????????????????? | | ?????????????????????????????????????????????????? | | ?????????????????????????????????????????????????? | | ?????????????????????????????????????????????????? | | ?????????????????????????????????????????????????? | | ?????????????????????????????????????????????????? | | ???????????????????????? ??????????????????????? | | ???????????????????????? Y??????????????????????? | | ???????????????????????# [??????????????????????? | | ??????????????????????? %##????????????????????? | | ???????????????????????#Y ##????????????????????? | | ???????????????????????# ?????????????????????? | | ??????????????????????? ?????????????????????? | | ???????????????????????# ?????????????????????? | | ??????????????????????? ?????????????????????? | | ???????????????????????# = #?????????????????????? | | ???????????????????????#=%[#?????????????????????? | | ???????????????????????#[!*#?????????????????????? | | ???????????????????????#[[=#?????????????????????? | | ???????????????????????#%[*#?????????????????????? | | ???????????????????????#=[=#?????????????????????? | | ???????????????????????#%@=#?????????????????????? | | ???????????????????????#*=[#?????????????????????? | | ???????????????????????# =*#?????????????????????? | | ???????????????????????# #?????????????????????? | | ???????????##########??#u #?????????????????????? | | ???????????# #??# #?????????????????????? | | ???????????# #??# #?????????????????????? | | ???????????# #??# #?????????????????????? | | ???????????# #??# #?????????????????????? | | ???????????# #??# #?????????????????????? | | ???????????# !! #??# #?????????????????????? | | ???????????# !! #??# #?????????????????????? | | ???????????#=! #??# #?????????????????????? | | ???????????# = #??# #?????????????????????? | | ################+####### #?????????????????????? | | # #?????????????????????? | | """ # #?????????????????????? | | """ # #?????????????????????? | | """ + ###############?????????????????????? | | """ # #???????????????????????????????????? | | "R # #??####?????????????????????????????? | | """ # #? ?????????????????????????????? | | # #?""" "?????????????????????????????? | | ########## # """ ""????????????????????????????? | | ?????????# # """ ""????????????????????????????? | +----------------------------------------------------+ Best States ------------- Heat Dissipation 38 Energy Generation 10 Energy Capacity 125 Matter Stores 300 Matter Capacity 300 Sight Range 16 Terrain Scan Density 10 Evasion (%) 55 Recoil Reduction 2 Item Schematics ----------------- None Robot Schematics ------------------ None Fabricated ------------ Nothing Repaired ---------- Nothing Alien Tech Used ----------------- None Achievements -------------- None Challenges ------------ None Game ------ Seed GravityFissionNanoactuators Manual? 0 Play Time 00:06:42 Cumulative 221.2 hours Start 2025.06.01 @ 18:09:54 End 2025.06.01 @ 18:14:28 Sessions 1 Manual Loads 0 Difficulty Rogue Special Mode None Game No. 129 Rogue 129 Adventurer 0 Explorer 0 Win Type - Total 9 Types 9/0/0/0/0/0/0/0/0/0 Lore% 67 Gallery% 65 Achievement% 60 Wizard Run 0 Options --------- Layout 1 ASCII 0 Keyboard 0 Movement Numpad Keybinds 0 Fullscreen 1 Font 24/Smallcaps Map View 50x35 Zoom Use 0% Tactical HUD 1 Map Filters NONE Filters NONE Steam 1 RUN: a816e030-fc49-4f81-a70a-122baae0bcb0